AoeStats
← ELKUNN

Arabia

510146970Analyzed
1v1 RM · 3d ago on Sep 29, 2026· 55m 41s· 2 players
Game mode
Random Map
Map size
Tiny (2 player)
Population
200
Speed
Normal
Resources
Standard
Victory
Conquest
Starting age
Dark Age
Ending age
Imperial Age
RankedLock teamsTeams togetherTeam positionsShared explorationLock speedFull tech treeHidden civsTurbo modeCheats
Victory
Defeat
🇪🇸 Mongols · Spain
789
+15
🇦🇷 Franks · Argentina
773
-15
ELKUNN
8:38 Loom
10:37 Feudal Age
11:59 Double-Bit Axe
18:27 Scale Barding Armor
21:57 Forging
25:19 Castle Age
24:37 Stone Mining
24:39 Gold Mining
24:51 Town Watch
26:03 Pikeman
27:32 Elite Skirmisher
29:23 Ballistics
29:04 Fletching
32:02 Scale Mail Armor
31:58 Bodkin Arrow
37:51 Imperial Age
37:49 Chain Mail Armor
37:59 Halberdier
39:06 Arson
44:42 Chemistry
48:26 Plate Mail Armor
48:32 Iron Casting
52:21 Squires
54:22 Murder Holes
XsFerA
10:24 Feudal Age
16:10 Bloodlines
18:01 Scale Barding Armor
22:27 Castle Age
20:22 Double-Bit Axe
21:49 Horse Collar
24:14 Forging
25:48 Husbandry
28:56 Town Watch
29:12 Gold Mining
29:14 Stone Mining
30:47 Chain Barding Armor
32:39 Heavy Plow
32:51 Bow Saw
33:22 Fletching
36:43 Gold Shaft Mining
41:02 Imperial Age
40:30 Iron Casting
39:52 Bodkin Arrow
40:34 Town Patrol
41:12 Wheelbarrow
41:34 Capped Ram
42:02 Light Cavalry
43:09 Drill
43:34 Heavy Camel Rider
44:09 Heavy Scorpion
46:31 Siege Ram
52:36 Drill
Connection lost

Rejoining the realm…

Still unreachable

The connection could not be restored.

Session expired

The server has moved on; the page needs a fresh start.